AoeStats
← mylove__

African Clearing

506429611Analyzed
4v4 RM · 18d ago on Sep 13, 2026· 26m 27s· 8 players
Game mode
Random Map
Map size
Large (8 player)
Population
200
Speed
Normal
Resources
Standard
Victory
Conquest
Starting age
Dark Age
Ending age
Imperial Age
RankedLock teamsTeams togetherTeam positionsShared explorationLock speedFull tech treeHidden civsTurbo modeCheats
Victory
Defeat
🇦🇷 Gurjaras · Argentina
1505
+12
🇹🇷 Mongols · Türkiye
1457
+14
🇩🇪 Celts · Germany
1430
+16
🇵🇪 Poles · Peru
1427
+15
🇺🇸 Burgundians · United States
1424
-14
🇹🇼 Ethiopians · Taiwan
1423
-15
🇩🇰 Persians · Denmark
1415
-14
🇨🇳 Mapuche · China
1400
-14
CTM | KLIN
3:58 Loom
13:39 Feudal Age
18:13 Castle Age
16:33 Horse Collar
16:50 Double-Bit Axe
19:19 Bow Saw
27:08 Wheelbarrow
26:48 Gold Mining
26:51 Stone Mining
mylove__
10:16 Loom
12:34 Feudal Age
13:22 Double-Bit Axe
17:34 Horse Collar
22:28 Castle Age
20:30 Fishing Lines
24:35 Bow Saw
24:39 Heavy Plow
24:39 Gillnets
26:47 Heavy Plow
Froschwetter
8:26 Loom
9:20 Loom
10:17 Loom
12:03 Feudal Age
16:51 Castle Age
15:51 Double-Bit Axe
16:26 Horse Collar
18:38 Bow Saw
21:39 Wheelbarrow
22:31 Town Watch
23:13 Pikeman
26:58 Heavy Plow
[TodEs] JohnWCooke
10:49 Loom
12:52 Feudal Age
13:53 Double-Bit Axe
20:35 Castle Age
21:35 Bow Saw
Isengard
3:58 Loom
9:32 Wheelbarrow
13:12 Feudal Age
18:28 Castle Age
18:28 Double-Bit Axe
18:24 Horse Collar
19:44 Bow Saw
20:40 Stone Mining
23:04 Heavy Plow
24:01 Town Watch
TwBestShaco
11:43 Loom
13:54 Feudal Age
15:16 Gold Mining
15:15 Double-Bit Axe
15:26 Gold Mining
17:54 Castle Age
16:46 Fletching
19:44 Bodkin Arrow
20:04 Town Watch
23:26 Horse Collar
不会进攻
4:10 Loom
16:26 Feudal Age
21:50 Castle Age
20:10 Double-Bit Axe
20:56 Fishing Lines
23:14 Wheelbarrow
22:53 Bow Saw
23:26 Fletching
24:01 Gillnets
24:25 Bodkin Arrow
26:46 Padded Archer Armor
Dongart
12:55 Feudal Age
12:09 Loom
16:35 Castle Age
14:54 Double-Bit Axe
17:52 Bow Saw
19:04 Horse Collar
22:19 Gold Mining
22:47 Heavy Plow
24:00 Wheelbarrow
24:24 Husbandry
24:54 Bloodlines
25:23 Scale Barding Armor
Connection lost

Rejoining the realm…

Still unreachable

The connection could not be restored.

Session expired

The server has moved on; the page needs a fresh start.